Map: [ESL] Oceanborn

Players

eGGz - Winner!

  • Race: Zerg Zerg
  • Spawn Location: 5:00

Future

  • Race: Terran Terran
  • Spawn Location: 11:00

Event: ESL SC2 Masters 2023 Winter (Regional)

VOD

Have the link to the VOD?

Description

Time

  • Played on: Nov. 1, 2023, 5:02 p.m.
  • Length: 4:29

All games in this series

Show
View Real Time Build Order
Export as new Build Order

eGGz Zerg - Winner!

Build Orders: Pool First 

Get SALT Encoding   

  12  0:00  Drone  
  13  0:12  Overlord  
  13  0:17  Drone  
  14  0:31  Drone  
  14  0:32  Drone  
  16  0:41  Spawning Pool  
  15  0:44  Drone  
  15  0:49  Drone  
  17  0:58  Extractor  
  17  1:00  Drone  
  17  1:15  Hatchery  
  16  1:27  Zergling x4  
  16  1:28  Zergling x2  
  19  1:36  Queen  
  22  1:40  Drone  
  22  1:50  Overlord  
  22  1:58  Roach Warren  
  21  2:05  Metabolic Boost  
  20  2:30  Overlord  
  20  2:38  Roach x2  
  20  2:39  Roach x2  
  27  2:50  Zergling x4  
  29  2:55  Zergling x4  
  31  2:59  Zergling x2  
  31  3:05  Zergling x4  
  34  3:10  Zergling x2  
  35  3:13  Zergling x2  
  36  3:22  Zergling x2  
  36  3:24  Ravager  
  36  3:26  Zergling x4  
  40  3:31  Zergling x2  
  40  3:34  Zergling x2  
  42  3:41  Ravager  
  42  3:46  Zergling x4  
  41  3:50  Zergling x4  
  42  3:58  Zergling x2  
  42  4:02  Zergling x2  
  43  4:05  Zergling x2  
Show
View Real Time Build Order
Export as new Build Order

Future Terran 

Build Orders: Reaper Expand 

Get SALT Encoding   

  12  0:00  SCV  
  13  0:12  SCV  
  14  0:17  Supply Depot  
  14  0:24  SCV  
  15  0:38  SCV  
  15  0:40  Barracks  
  16  0:44  Refinery  
  16  0:50  SCV  
  17  1:03  SCV  
  18  1:15  SCV  
  19  1:27  Orbital Command, Reaper  
  20  1:40  Command Center  
  20  1:50  Supply Depot  
  20  1:53  SCV  
  21  1:59  Marine  
  22  2:05  SCV  
  23  2:09  Factory  
  23  2:17  SCV, Marine  
  25  2:29  SCV  
  25  2:34  Marine  
  25  2:41  SCV  
  26  2:44  Bunker  
  26  2:48  Refinery  
  26  2:52  Marine  
  26  2:53  SCV  
  26  2:56  Hellion  
  26  2:57  Starport  
  30  3:06  SCV  
  30  3:11  Orbital Command  
  31  3:13  Barracks Reactor  
  31  3:18  SCV  
  31  3:19  Cyclone  
  34  3:30  SCV  
  35  3:37  Medivac  
  35  3:39  SCV  
  38  3:42  SCV  
  37  3:50  Marine  
  37  3:51  Marine  
  37  3:52  Cyclone  
  32  4:07  SCV  
  32  4:08  Marine  
  31  4:16  SCV  
Tags
 
Add a new tag
Caveats
  • Supply blocks, unpowered buildings, or Contaminate may cause inaccurate times.
  • Supply counts are checked every 10 seconds.